 Dungeon Crawl Stone Soup version 0.31-a0-217-g58bb5d79cf (webtiles) character file.

Game seed: 12561222656351198736

20 Ijustatesigmund the Stinger (level 2, -1/18 HPs)
             Began as an Octopode Venom Mage on July 3, 2023.
             Slain by an adder (3 damage)
             ... on level 1 of the Dungeon.
             The game lasted 00:01:03 (922 turns).

Ijustatesigmund the Stinger (Octopode Venom Mage)    Turns: 922, Time: 00:01:04

Health: -1/18      AC:  1    Str:  7    XL:     2   Next: 79%
Magic:  4/5        EV: 13    Int: 17    God:
Gold:   48         SH:  0    Dex: 12    Spells: 2/5 levels left

rFire   . . .        b - +1 spear (freeze)
rCold   . . .        (no shield)
rNeg    . . .        (helmet restricted)
rPois   .            (no amulet)
rElec   .            (no ring)
rCorr   .            (no ring)
SInv    .            (no ring)
Will    .....        (no ring)
Stlth   +++          (no ring)
HPRegen 0.23/turn    (no ring)
MPRegen 0.09/turn    (no ring)
                     (no ring)

%: no passive effects
@: no status effects
A: almost no armour, amphibious, 8 rings, camouflage 1, gelatinous body 1,
(nimble swimmer 1), tentacles
a: no special abilities


You were on level 1 of the Dungeon.
You visited 1 branch of the dungeon, and saw 2 of its levels.

You collected 48 gold pieces.

Inventory:

Hand Weapons
 b - a +1 spear of freezing (weapon)
Jewellery
 c - a ring of ice
Scrolls
 f - a scroll of acquirement {unknown}
Potions
 a - a potion of magic
 e - a potion of lignification {unknown}


   Skills:
 + Level 1.0 Fighting
 - Level 2.0 Dodging
 - Level 2.6 Stealth
 + Level 2.3 Spellcasting
 - Level 1.0 Transmutations
 + Level 0.4 Air Magic
 + Level 4.0 Poison Magic


You had 2 spell levels left.
You knew the following spells:

 Your Spells              Type           Power      Damage    Failure   Level
a - Sting                 Tmut/Pois      40%        1d5       7%          1
b - Poisonous Vapours     Pois/Air       18%        N/A       11%         2

Your spell library contained the following spells:

 Spells                   Type           Power      Damage    Failure   Level
 Mephitic Cloud           Conj/Pois/Air  7%         N/A       30%         3
 Olgreb's Toxic Radiance  Pois           15%        N/A       34%         4


Dungeon Overview and Level Annotations

Branches:
Dungeon (2/15)

Altars:


Innate Abilities, Weirdness & Mutations

You cannot wear most types of armour.
You are amphibious.
You can wear up to eight rings at the same time.
Your skin changes colour to match your surroundings (Stealth+).
Your rubbery body absorbs attacks. (AC +1, EV +1)
((You are camouflaged when in or above water. (Stealth+)))
You have tentacles for arms and can constrict up to eight enemies at once.


Message History

The adder is lightly wounded.
A kobold comes into view. It is wielding a +0 short sword.
The adder bites you. The adder closely misses you.
You climb upwards.
There is a stone staircase leading down here.
You closely miss the adder. Your grab misses the adder.
Your squeeze misses the adder.
The adder is heavily wounded.
The adder looks more healthy.
The adder bites you.
You are poisoned.
The adder poisons you!
You miss the adder. Your grab misses the adder.
The adder is heavily wounded.
You feel sick. The adder misses you. The adder bites you.
You closely miss the adder. Your grab misses the adder.
The adder is heavily wounded.
You feel sick. The adder bites you.
You are too injured to fight recklessly!
You are too injured to fight recklessly!
You are too injured to fight recklessly!
You are too injured to fight recklessly!
You are too injured to fight recklessly!
You are too injured to fight recklessly!
You are too injured to fight recklessly!
You closely miss the adder. Your grab misses the adder.
Your squeeze misses the adder.
The adder is heavily wounded.
You feel sick. The adder misses you.
You hit the adder.
The adder seems to slow down.
You freeze the adder. Your grab misses the adder.
Your squeeze misses the adder.
The adder is severely wounded.
You feel sick. The adder closely misses you.
You miss the adder. Your grab misses the adder.
The adder is severely wounded.
You feel sick. The adder bites you.
* * * LOW HITPOINT WARNING * * *
It was a potion of cancellation.
You feel magically purged.
You feel sick.
You are no longer poisoned.
The adder is no longer moving slowly.
The adder bites you.
You die...

##### ########## #....
#....)...###....
#...............
########.............##
##....S@#######.#......†
#....##...........##.###
#...............#.##....
#..[..#.###.#...........
#.....#.###.#.###.#.....
#.....#.....#..##.......
##.##.......##.##.##.###
#.##.#.######..........
#.##.#.# #...#####.###


You could see an adder.

Vanquished Creatures
  2 dart slugs (D:1)
  A bat (D:1)
  An endoplasm (D:1)
  A giant cockroach (D:1)
  A goblin (D:1)
  2 hobgoblins (D:1)
  2 jackals (D:1)
  2 kobolds (D:1)
  A ball python (D:1)
  A rat (D:1)
14 creatures vanquished.

Notes
Turn   | Place    | Note
-------+----------+-------------------------------------------
     0 | D:1      | Ijustatesigmund the Octopode Venom Mage began the quest for
                  | the Orb.
     0 | D:1      | Reached XP level 1. HP: 11/11 MP: 3/3
    85 | D:1      | Reached XP level 2. HP: 18/18 MP: 5/5
    88 | D:1      | Learned a level 2 spell: Poisonous Vapours
   286 | D:1      | Reached skill level 4 in Poison Magic
   506 | D:1      | Reached skill level 1 in Fighting
   922 | D:1      | Slain by an adder

Illustrated notes

Levels and vault maps discovered:
D:1:      erik_arrival_cave_to_civilisation [erik_arrival_cave_to_hall],
          layout_basic, grunt_decor_fettered
D:2:      layout_rooms, serial_shops, shop

Skill      XL: |  1  2 |
---------------+-------+-----
Poison Magic   | 4 |  4.0
Fighting       | 1 |  1.0
Dodging        | |  2.0
Stealth        | |  2.6
Spellcasting   | |  2.3
Transmutations | |  1.0
Air Magic      | |  0.4

Action                     || total
---------------------------++-------
  Melee: Spear             ||    28
         Constrict         ||     3
         Tentacles         ||     2
   Cast: Poisonous Vapours ||     7
    Use: Potion            ||     1
   Stab: Sleeping          ||     3
 Armour: Skin              ||     2
  Dodge: Dodged            ||    10

Table legend: (Time is in decaauts)
 A = Elapsed time spent in this place.
 B = Non-inter-level travel time spent in this place.
 C = Inter-level travel time spent in this place.
 D = Time resting spent in this place.
 E = Time spent auto-exploring this place.
 F = Levels seen in this place.
 G = Mean time per level.
                   A        B        C        D        E       F      G
               +--------+--------+--------+--------+--------+-----+--------+
         Total |    924 |    852 |     72 |      0 |    748 |   2 |  462.0 |
       Dungeon |    924 |    852 |     72 |      0 |    748 |   2 |  462.0 |
               +--------+--------+--------+--------+--------+-----+--------+

Top non-repeatable levels by time:
     D:1: 920 daAuts
     D:2: 3 daAuts
